 Dungeon Crawl Stone Soup version 0.27-a0-156-gbcd94eb011 (webtiles) character file.

Game seed: 4276699389830335826

32783 lunkers the Warrior (level 13, -3/127 HPs)
             Began as a Hill Orc Hunter on Jan 26, 2021.
             Was a High Priest of Okawaru.
             Slain by a death yak (20 damage)
             ... on level 4 of the Lair of Beasts on Jan 27, 2021.
             The game lasted 00:35:59 (15641 turns).

lunkers the Warrior (Hill Orc Hunter)              Turns: 15641, Time: 00:36:00

Health: -3/127     AC: 19    Str: 20    XL:     13   Next: 66%
Magic:  23/25      EV: 15    Int: 13    God:    Okawaru [*****.]
Gold:   1858       SH:  0    Dex: 11    Spells: 12/12 levels left

rFire    . . .     SeeInvis .   v - +9 scimitar of the Stork {flame, Int+2}
rCold    . . .     Faith    .   (no shield)
rNeg     . . .     Spirit   .   V - +0 acid dragon scales
rPois    .         Reflect  .   D - +0 helmet
rElec    .         Harm     .   Y - +2 cloak {rCorr}
rCorr    +         Rampage  .   w - +1 pair of gloves
Will     +....                  N - +0 pair of boots
Stlth    +++.......             e - amulet of regeneration
HPRegen  0.71/turn              r - ring of willpower
MPRegen  0.19/turn              y - ring of magical power

@: heroism
A: no striking features
a: Renounce Religion, Heroism, Finesse


You were on level 4 of the Lair of Beasts.
You worshipped Okawaru.
Okawaru was extremely pleased with you.
You visited 2 branches of the dungeon, and saw 15 of its levels.

You collected 1912 gold pieces.
You spent 54 gold pieces at shops.

Inventory:

Hand Weapons
 b - a +0 hunting sling
 v - the +9 scimitar of the Stork (weapon) {flame, Int+2}
   (Okawaru gifted it to you on level 2 of the Lair of Beasts)

   It has been specially enchanted to burn those struck by it, causing extra
   injury to most foes and up to half again as much damage against particularly
   susceptible opponents.
   Big, fiery blades are also staple armaments of hydra-hunters.
   It affects your intelligence (+2).
 L - a cursed +4 great sword
 S - a +6 battleaxe of freezing
Missiles
 c - 19 javelins
 d - 2 throwing nets
 j - 12 curare-tipped darts
 k - 494 stones
 x - 33 poisoned darts
 B - 4 datura-tipped darts
 E - 184 sling bullets
 P - 11 atropa-tipped darts
 W - 7 silver boomerangs
 X - 2 boomerangs (quivered)
 Z - 3 silver javelins
Armour
 w - a +1 pair of gloves (worn)
 D - a +0 helmet (worn)
 N - a +0 pair of boots (worn)
 O - a scarf of invisibility
 T - +0 ice dragon scales
 V - +0 acid dragon scales (worn)
 Y - a +2 cloak of preservation (worn)
Jewellery
 e - an amulet of regeneration (around neck)
 r - a ring of willpower (left hand)
 s - an uncursed amulet of guardian spirit
 u - an uncursed ring of fire
 y - a ring of magical power (right hand)
Wands
 a - a wand of polymorph (10)
 f - a wand of iceblast (1)
Scrolls
 h - 7 scrolls of remove curse
 i - 4 scrolls of fear
 l - 2 scrolls of enchant armour
 m - 4 scrolls of enchant weapon
 t - 5 scrolls of teleportation
 G - a scroll of amnesia
 H - a scroll of magic mapping
 I - a scroll of holy word
 K - a scroll of identify
 M - a scroll of blinking
 Q - a scroll of immolation
Potions
 g - a potion of cancellation
 n - 5 potions of lignification
 o - 2 potions of curing
 p - 6 potions of attraction
 q - a potion of mutation
 z - 3 potions of invisibility
 A - 3 potions of might
 F - 2 potions of haste
 J - 2 potions of flight
Miscellaneous
 C - a phial of floods


   Skills:
 + Level 15.3(20.3) Fighting
 + Level 12.5(17.5) Throwing
 + Level 9.8(14.8) Armour
 + Level 2.2(7.2) Dodging
 - Level 0.7(5.7) Stealth
 - Level 5.0 Invocations
 + Level 9.0 Evocations


You had 12 spell levels left.
You didn't know any spells.
Your spell library contained the following spells:

 Spells                   Type           Power        Failure   Level
 Beastly Appendage        Tmut           0%           36%         1
 Magic Dart               Conj           0%           36%         1
 Blink                    Tloc           N/A          50%         2
 Call Imp                 Summ           0%           50%         2
 Searing Ray              Conj           0%           50%         2
 Slow                     Hex            0%           50%         2
 Wereblood                Tmut           0%           50%         2
 Confusing Touch          Hex            0%           73%         3
 Conjure Flame            Conj/Fire      0%           73%         3
 Dazzling Flash           Conj/Hex       0%           73%         3
 Gell's Gravitas          Tloc           0%           73%         3
 Mephitic Cloud           Conj/Pois/Air  0%           73%         3
 Spider Form              Tmut/Pois      0%           73%         3
 Fulminant Prism          Conj/Hex       0%           98%         4
 Ice Form                 Ice/Tmut       0%           98%         4
 Iskenderun's Mystic Bla  Conj/Tloc      0%           98%         4
 Petrify                  Tmut/Erth      0%           98%         4
 Blade Hands              Tmut           0%           100%        5
 Metabolic Englaciation   Hex/Ice        0%           100%        5
 Yara's Violent Unravell  Hex/Tmut       0%           100%        5


Dungeon Overview and Level Annotations

Branches:
Dungeon (11/15)            Temple (0/1) D:6            Lair (4/6) D:9
  Swamp (0/4) Lair:3        Snake (0/4) Lair:2          Orc (0/2) D:9

Altars:
Ashenzari
Cheibriados
Fedhas
Makhleb
Okawaru
Qazlal
Sif Muna
Jiyva

Shops:
D:7 [!

Annotations:
D:3 3 runed translucent doors, Numknucks's ghost, amateur MiAK; hehateme's ghost, amateur KoGl
D:9 exclusion: ice statue
D:10 3 runed translucent doors, Dordric's ghost, novice HOMo
Lair:1 exclusion: oklob plant


Message History

The death yak gores you!!
* * * LOW HITPOINT WARNING * * *
You hit the death yak. You burn the death yak.
The death yak is moderately wounded.
The death yak gores you!
* * * LOW HITPOINT WARNING * * *
You slash the death yak! You burn the death yak.
The death yak is heavily wounded.
The death yak gores you but does no damage.
The death yak gores you!!
* * * LOW HITPOINT WARNING * * *
Unknown command.
You see here a +0 pair of boots of rampaging.
Things that are here:
a death yak corpse; a death yak corpse You feel much better.
The death yak gores you!
* * * LOW HITPOINT WARNING * * *
You gain the combat prowess of a mighty hero.
The death yak gores you!!
You die...

####.#### #### #
#######.#.#.#.###P..#..
#......................
##..................[...
#P..###P##.#..#..#P...#
#...########.###.....##
#...#...#P##..##.#...#
##...).^......##'#.##...
#.........@Y##.....##..
#..######.##[.#.....#
#...#.######..#...#.#
#...........#.#.♣.#.#
#.Y...........#...#.#
#..####..####.#.....#
##.Y####.#####....#.#...# ##
#.............###.†##.!....Y
#........###.##.....#..###.Y


You could see a death yak.

Vanquished Creatures
  A boulder beetle (Lair:3)
  A catoblepas (Lair:2)
  3 hydras
  2 two-headed ogres
  2 tengu warriors (D:10)
  5 death yaks (Lair:4)
  Nergalle (D:11)
  A cyclops (D:11)
  6 elephants (Lair:2)
  Maurice (D:11)
  A black mamba (Lair:2)
  6 cane toads
  Maggie (D:10)
  6 komodo dragons
  5 trolls
  10 blink frogs
  Grinder (D:5)
  Prince Ribbit (D:8)
  40 yaks
  A wyvern (D:9)
  Edmund (D:6)
  Menkaure (D:5)
  2 soldier ants
  3 nagas (Lair:2)
  5 water moccasins
  5 sky beasts
  2 black bears
  2 ice beasts
  A necrophage (D:9)
  3 phantoms
  A centaur (D:8)
  4 wolves (Lair:2)
  An ogre (D:8)
  2 big kobolds
  A gnoll sergeant (D:7)
  15 bullfrogs
  2 scorpions
  16 killer bees
  16 wights
  6 howler monkeys
  2 centaur zombies
  A bullfrog zombie (D:10)
  4 hounds
  2 orc priests (D:5)
  3 centaur skeletons
  A jelly (D:5)
  2 bullfrog skeletons
  3 iguanas
  7 worker ants
  6 orc wizards
  A hound zombie (D:9)
  A hound skeleton (D:4)
  A worker ant zombie (D:5)
  Robin (D:3)
  3 gnolls (D:7)
  A howler monkey skeleton (D:4)
  11 adders
  2 shadow imps
  7 white imps
  An ooze (D:3)
  6 worms
  2 dart slugs
  4 leopard geckos
  27 orcs
  4 bats
  5 giant cockroaches
  16 goblins
  10 hobgoblins
  17 jackals
  4 quokkas
  5 frilled lizards
  22 kobolds
  5 rats
371 creatures vanquished.

Vanquished Creatures (others)
  9 fungi
  8 plants
  6 withered plants (D:3)
23 creatures vanquished.

Grand Total: 394 creatures vanquished

Notes
Turn   | Place    | Note
-------+----------+-------------------------------------------
     0 | D:1      | lunkers the Hill Orc Hunter began the quest for the Orb.
     0 | D:1      | Reached XP level 1. HP: 18/18 MP: 1/1
   116 | D:1      | Reached XP level 2. HP: 25/25 MP: 2/2
   187 | D:1      | Reached skill level 3 in Fighting
   858 | D:2      | Reached XP level 3. HP: 23/31 MP: 3/3
  1403 | D:2      | Found a burning altar of Makhleb.
  1726 | D:3      | Reached XP level 4. HP: 27/40 MP: 4/4
  1737 | D:3      | Reached skill level 4 in Fighting
  2179 | D:3      | Reached XP level 5. HP: 47/47 MP: 5/5
  2185 | D:3      | Noticed Robin
  2223 | D:3      | Killed Robin
  2570 | D:3      | Found a runed translucent gate.
  2571 | D:3      | Found a runed translucent gate.
  2571 | D:3      | Found a runed translucent gate.
  2571 | D:3      | Noticed hehateme's ghost (amateur KoGl)
  2571 | D:3      | Noticed Numknucks's ghost (amateur MiAK)
  3141 | D:4      | Found a broken altar of Ashenzari.
  3150 | D:4      | Reached skill level 5 in Fighting
  3198 | D:4      | Reached skill level 5 in Throwing
  3381 | D:4      | Found a blossoming altar of Fedhas.
  3381 | D:4      | Found an iron altar of Okawaru.
  3382 | D:4      | Found a shimmering blue altar of Sif Muna.
  3451 | D:4      | Became a worshipper of Warmaster Okawaru
  3667 | D:4      | Found a snail-covered altar of Cheibriados.
  4015 | D:5      | Entered Level 5 of the Dungeon
  4015 | D:5      | Noticed Menkaure
  4019 | D:5      | HP: 2/48 [Menkaure (17)]
  4022 | D:5      | Killed Menkaure
  4023 | D:5      | Reached skill level 6 in Fighting
  4023 | D:5      | Reached XP level 6. HP: 4/57 MP: 6/6
  4024 | D:5      | HP: 2/57 [frilled lizard (2)]
  4227 | D:5      | Reached * piety under Okawaru
  4237 | D:5      | Reached XP level 7. HP: 64/64 MP: 7/7
  4740 | D:5      | Reached skill level 7 in Fighting
  4934 | D:5      | Reached ** piety under Okawaru
  4944 | D:5      | Noticed Grinder
  4951 | D:5      | Reached XP level 8. HP: 60/74 MP: 5/8
  4983 | D:5      | Killed Grinder
  4984 | D:5      | Reached skill level 8 in Fighting
  5220 | D:6      | Found a staircase to the Ecumenical Temple.
  5335 | D:6      | Noticed Edmund
  5349 | D:6      | Killed Edmund
  5430 | D:6      | Reached skill level 9 in Fighting
  5749 | D:6      | Reached XP level 9. HP: 83/85 MP: 9/9
  6110 | D:7      | Found Reigoitoeg's Distillery.
  6205 | D:7      | Reached skill level 10 in Fighting
  6423 | D:7      | Reached *** piety under Okawaru
  6526 | D:7      | Found Zelimamiow's Armour Shoppe.
  6690 | D:7      | Bought a +0 pair of boots for 54 gold pieces
  7045 | D:7      | Reached skill level 11 in Fighting
  7058 | D:7      | Reached **** piety under Okawaru
  7067 | D:7      | Reached XP level 10. HP: 45/97 MP: 7/10
  7387 | D:8      | Noticed Prince Ribbit
  7426 | D:8      | Killed Prince Ribbit
  7426 | D:8      | Received a gift from Okawaru
  7675 | D:8      | Reached skill level 12 in Fighting
  7684 | D:8      | Reached skill level 10 in Throwing
  7684 | D:8      | Reached skill level 1 in Invocations
  7730 | D:8      | Reached skill level 1 in Armour
  7734 | D:8      | Reached skill level 1 in Evocations
  7865 | D:8      | Found a snail-covered altar of Cheibriados.
  8181 | D:9      | Found a staircase to the Orcish Mines.
  8200 | D:9      | Noticed an ice statue
  8242 | D:9      | Received a gift from Okawaru
  8337 | D:9      | Found a staircase to the Lair.
  8493 | D:9      | Noticed a two-headed ogre
  8503 | D:9      | Killed a two-headed ogre
  8503 | D:9      | Received a gift from Okawaru
  8550 | D:9      | HP: 4/99 [poisoned by a scorpion]
  8555 | D:9      | HP: 2/99 [poisoned by a scorpion]
  8611 | D:8      | HP: 1/99 [troll (8)]
  9453 | D:10     | Entered Level 10 of the Dungeon
  9529 | D:10     | Reached XP level 11. HP: 92/105 MP: 14/14
  9616 | D:10     | Reached skill level 5 in Invocations
  9631 | D:10     | Reached ***** piety under Okawaru
  9719 | D:10     | Found a runed translucent gate.
  9719 | D:10     | Found a runed translucent gate.
  9719 | D:10     | Found a runed translucent gate.
  9745 | D:10     | Noticed Dordric's ghost (novice HOMo)
  9840 | D:10     | Noticed Maggie
  9853 | D:10     | Killed Maggie
 10060 | D:10     | Noticed a tengu warrior
 10069 | D:10     | Noticed a tengu warrior
 10083 | D:10     | Killed a tengu warrior
 10083 | D:10     | Received a gift from Okawaru
 10084 | D:10     | Reached skill level 13 in Fighting
 10084 | D:10     | Reached skill level 5 in Armour
 10087 | D:10     | Killed a tengu warrior
 10087 | D:10     | Received a gift from Okawaru
 10167 | D:10     | Found a stormy altar of Qazlal.
 10241 | D:10     | Received a gift from Okawaru
 10261 | D:10     | Reached skill level 5 in Evocations
 10361 | D:10     | Found a viscous altar of Jiyva.
 10467 | D:11     | Noticed a cyclops
 10479 | D:11     | Killed a cyclops
 11007 | D:11     | Noticed Nergalle
 11019 | D:11     | Noticed a two-headed ogre
 11026 | D:11     | Killed Nergalle
 11039 | D:11     | Killed a two-headed ogre
 11113 | D:11     | Noticed Maurice
 11255 | D:11     | Killed Maurice
 11256 | D:11     | Reached XP level 12. HP: 115/115 MP: 15/15
 11542 | Lair:1   | Entered Level 1 of the Lair of Beasts
 11547 | Lair:1   | Noticed an eight-headed hydra
 11550 | Lair:1   | Noticed Sonja
 11553 | Lair:1   | Killed an eight-headed hydra
 11632 | Lair:1   | Noticed Sonja
 11632 | Lair:1   | Sonja changed into Sonja the soldier ant
 11636 | Lair:1   | Killed Sonja the soldier ant
 11753 | Lair:1   | Noticed a four-headed hydra
 11757 | Lair:1   | Killed a four-headed hydra
 11806 | Lair:1   | Reached skill level 14 in Fighting
 11903 | Lair:1   | Received a gift from Okawaru
 12763 | Lair:2   | Upgraded the game from 0.27-a0-148-g9515ab555c to
                  | 0.27-a0-156-gbcd94eb011
 12874 | Lair:2   | Received a gift from Okawaru
 12885 | Lair:2   | Got a twisted scimitar {god gift}
 12887 | Lair:2   | Identified the +9 scimitar of the Stork {flame, Int+2}
                  | (Okawaru gifted it to you on level 2 of the Lair of Beasts)
 13217 | Lair:2   | Found a staircase to the Snake Pit.
 13577 | Lair:2   | Reached XP level 13. HP: 125/125 MP: 16/16
 13784 | Lair:2   | Identified a scroll of acquirement
 13785 | Lair:2   | Acquired 971 gold pieces
 14224 | Lair:3   | Found a staircase to the Swamp.
 14262 | Lair:3   | Received a gift from Okawaru
 14447 | Lair:3   | Reached skill level 15 in Fighting
 14465 | Lair:3   | Received a gift from Okawaru
 15231 | Lair:4   | Received a gift from Okawaru
 15453 | Lair:4   | Received a gift from Okawaru
 15629 | Lair:4   | HP: 3/127 [death yak (18)]
 15641 | Lair:4   | Slain by a death yak

Illustrated notes

Levels and vault maps discovered:
D:1:      dpeg_arrival_three_same_balls, layout_basic, due_unseen_surprise
D:2:      layout_basic, lightli_temple_of_fire, minmay_cupped
D:3:      layout_basic, gammafunk_ghost_cemetery, uniq_robin
D:4:      layout_basic, nicolae_overflow_crystal_walls, kennysheep_mini,
          gammafunk_temple_overflow_claw
D:5:      minmay_chambers_of_threes, layout_loops_ring, uniq_menkaure,
          uniq_grinder
D:6:      layout_loops_ring, minmay_temple_entry_gardened_gates,
          minmay_a_box_with_orc_wizards_in_it, uniq_edmund
D:7:      layout_gridville, serial_shops, shop_statue, kennysheep_windowed_goal
D:8:      layout_basic, basic_altar, serial_rivers,
          chequers_serial_rivers_micro_a, chequers_serial_rivers_small_a,
          chequers_serial_rivers_micro_e, chequers_serial_rivers_micro_e,
          uniq_prince_ribbit1
D:9:      layout_basic, dpeg_oklobed_lair, minivault_16
D:10:     wander_river, layout_irregular_city, serial_column_ruins,
          column_ruins_temple_circle, column_ruins_hut_water,
          column_ruins_open_tiny, column_ruins_open_tiny,
          column_ruins_open_small_water, column_ruins_open_tiny,
          column_ruins_corridor_straight, column_ruins_open_medium,
          gammafunk_ghost_ooze, uniq_maggie
D:11:     layout_basic, uniq_maurice, uniq_nergalle
Lair:1:   layout_cellular_growth, minivault_26, grunt_megastairs_2,
          minmay_lair_oklob_chamber, uniq_sonja
Lair:2:   layout_chaotic_city, guppyfry_snake_entry_island, lemuel_fruit_fields
Lair:3:   layout_gridlike, swamp_mist
Lair:4:   layout_long_grid, ebering_ghost_reflecting_pool, grunt_megastairs_1,
          lemuel_fruit_tree, uniq_kirke

Skill      XL: |  1  2  3  4  5  6  7  8  9 10 11 12 13 |
---------------+----------------------------------------+-----
Fighting       | 3 4 6 7 9 11 12 13 14 15 | 15.3
Throwing       | 4 5 6 8 9 10 11 12 | 12.5
Invocations    | 4 5 |  5.0
Armour         | 3 6 8 9 |  9.8
Evocations     | 3 5 7 9 |  9.0
Dodging        | 2 |  2.2
Stealth        | |  0.7

Action                   |  1- 3 |  4- 6 |  7- 9 | 10-12 | 13-15 || total
-------------------------+-------+-------+-------+-------+-------++-------
Melee: Dagger            |       |    19 |   306 |       |       ||   325
       Punch             |       |       |     6 |       |     3 ||     9
       Dire flail        |       |       |   149 |   100 |       ||   249
       Battleaxe         |       |       |       |   349 |       ||   349
       Scimitar          |       |       |       |    40 |   188 ||   228
 Fire: Hunting sling     |   158 |   217 |       |       |       ||   375
Throw: Javelin           |       |    25 |    21 |    24 |       ||    70
       Dart              |       |       |       |    36 |       ||    36
       Boomerang         |       |       |       |    52 |     5 ||    57
Invok: Heroism           |       |       |    14 |    23 |     8 ||    45
Evoke: Wand              |       |       |       |    16 |       ||    16
  Use: Scroll            |       |       |     6 |    14 |     5 ||    25
       Potion            |       |       |       |     3 |     1 ||     4
Armor: Leather armour    |     2 |       |       |       |       ||     2
       Plate armour      |    95 |   124 |   370 |   300 |       ||   889
       Acid dragon scale |       |       |       |   254 |   126 ||   380
Dodge: Dodged            |    26 |    40 |   153 |   454 |   151 ||   824
       Rpst.: Scimitar   |       |       |       |    10 |    52 ||    62

Table legend: (Time is in decaauts)
 A = Elapsed time spent in this place.
 B = Non-inter-level travel time spent in this place.
 C = Inter-level travel time spent in this place.
 D = Time resting spent in this place.
 E = Time spent auto-exploring this place.
 F = Levels seen in this place.
 G = Mean time per level.
                   A        B        C        D        E       F      G
               +--------+--------+--------+--------+--------+-----+--------+
         Total |  15970 |  15465 |    505 |    732 |  11052 |  15 | 1064.7 |
       Dungeon |  11810 |  11382 |    428 |    561 |   8152 |  11 | 1073.6 |
          Lair |   4159 |   4082 |     77 |    171 |   2899 |   4 | 1039.8 |
               +--------+--------+--------+--------+--------+-----+--------+

Top non-repeatable levels by time:
  Lair:2: 1569 daAuts
     D:3: 1514 daAuts
     D:9: 1352 daAuts
     D:7: 1312 daAuts
    D:10: 1259 daAuts
  Lair:1: 1137 daAuts
     D:5: 1108 daAuts
     D:4: 977 daAuts
    D:11: 915 daAuts
     D:2: 881 daAuts
     D:8: 878 daAuts
     D:6: 861 daAuts
     D:1: 749 daAuts
  Lair:3: 736 daAuts
  Lair:4: 716 daAuts
